 Dungeon Crawl Stone Soup version 0.30.0-29-ga12c61a403 (webtiles) character file.

Game seed: 5952102446197093449

463 qw the Chopper (level 7, -1/43 HPs)
             Began as a Gargoyle Fighter on June 4, 2023.
             Killed from afar by Natasha (4 damage)
             ... with a bolt of light
             ... on level 4 of the Dungeon.
             The game lasted 00:01:32 (2223 turns).

qw the Chopper (Gargoyle Fighter)                   Turns: 2223, Time: 00:01:33

Health: -1/43      AC: 15    Str: 21    XL:     7   Next: 7%
Magic:  7/7        EV:  7    Int:  9    God:
Gold:   262        SH:  4    Dex:  9    Spells: 6/6 levels left

rFire   . . .        Y - +1 war axe
rCold   . . .        c - +0 buckler
rNeg    + . .        q - +0 chain mail
rPois   inf          (no helmet)
rElec   +            (no cloak)
rCorr   .            (no gloves)
SInv    .            f - +0 pair of boots
Will    .....        (no amulet) Stlth
                     (no ring)
HPRegen 0.27/turn    (no ring)
MPRegen 0.10/turn

%: no passive effects
@: no status effects
A: sickness immunity, AC +4, negative energy resistance 1, electricity
resistance, torment resistance 1, petrification resistance
a: no special abilities


You were on level 4 of the Dungeon.
You visited 1 branch of the dungeon, and saw 4 of its levels.

You collected 262 gold pieces.


Innate Abilities, Weirdness & Mutations

You are immune to sickness and miasma.
Your stone body is resilient. (AC +4)
You are immune to poison.
You resist negative energy. (rN+)
You are resistant to electric shocks. (rElec)
You are resistant to unholy torment.
You are immune to petrification.


   Skills:
 - Level 4.0 Fighting
 - Level 6.4 Axes
 - Level 3.2 Armour
 + Level 0.0 Dodging
 - Level 3.2 Shields


You had 6 spell levels left.
You didn't know any spells.
Your spell library was empty.

Inventory:

Hand Weapons
 l - a +4 flail of protection
 Y - a +1 war axe (weapon)
Missiles
 o - a boomerang (quivered)
Armour
 c - a +0 buckler (worn)
 e - a +0 ring mail of cold resistance
 f - a +0 pair of boots (worn)
 q - a +0 chain mail (worn)
Scrolls
 a - a scroll of teleportation
 g - 2 scrolls of identify
 h - a scroll of blinking {unknown}
Potions
 d - a potion of might
 i - 2 potions of curing
 j - a potion of attraction
 k - a potion of cancellation
 m - a potion of haste
 n - a potion of invisibility {unknown}
 p - a potion of brilliance {unknown}

Dungeon Overview and Level Annotations

Branches:
Dungeon (4/15)
 Temple: D:4-7

Altars:

Shops:
D:1 =

Annotations:
D:4 Eustachio, Natasha


Message History

You slash Eustachio!
Eustachio is severely wounded.
You barely miss the white imp. You hit the river rat but do no damage.
Eustachio hits you with a +0 rapier. You block the white imp's attack.
The river rat bites you but does no damage.
2219 ||| READING 2 scrolls of teleportation.
As you read the scroll of teleportation, it crumbles to dust.
You feel strangely unstable.
Eustachio mumbles some strange words.
Eustachio blinks!
The white imp hits you but does no damage.
The river rat closely misses you.
You barely miss the river rat.
The river rat is moderately wounded.
You barely miss the white imp. You block the white imp's attack.
The river rat barely misses you.
You closely miss the river rat.
The river rat is moderately wounded.
You slash the white imp!
Eustachio casts a spell.
The white imp hits you but does no damage.
The river rat closely misses you.
You hit the white imp.
The white imp is almost dead.
You slash the river rat!
Eustachio gestures wildly while chanting.
The white imp gestures at you. The puff of frost hits you.
The river rat bites you but does no damage.
You barely miss the river rat.
The river rat is almost dead.
You slash the white imp!
You kill the white imp!
The white imp disappears in a puff of smoke!
Your surroundings suddenly seem different.
Natasha, Servant of Life and Death comes into view.
She is carrying a wand of light (11).
Found a ring mail and a leather armour.
Natasha casts a spell at you. You resist with some effort.
Natasha zaps a wand.
The bolt of light hits you.
You die...

......# ......+
...... ##..[.###
#..h.....
#........
#........
#@.......
#........
#............. ##
#...[......... #.
#............. #.
#............. #.
..............###.
..................
...........


You could see Natasha.

Vanquished Creatures
  Edmund (D:4)
  Pargi (D:3)
  Blork the orc (D:4)
  A howler monkey (D:4)
  A hound (D:3)
  A gnoll (D:1)
  5 adders
  A dart slug (D:2)
  9 orcs
  4 endoplasms
  6 giant cockroaches
  2 hobgoblins
  6 jackals (D:1)
  4 kobolds
  4 quokkas
  3 ball pythons
  4 bats
  3 frilled lizards
  4 goblins
  3 rats
64 creatures vanquished.

Notes
Turn   | Place    | Note
-------+----------+-------------------------------------------
     0 | D:1      | qw the Gargoyle Fighter began the quest for the Orb.
     0 | D:1      | Reached XP level 1. HP: 14/14 MP: 1/1
     0 | D:1      | 0 ||| qw: Version: 0.2-a-107-g4668610
     0 | D:1      | 0 ||| qw: Game counter: 1246
     0 | D:1      | 0 ||| qw: Always use a shield: true
     0 | D:1      | 0 ||| qw: God list: Okawaru
     0 | D:1      | 0 ||| qw: Allow faded altars: false
     0 | D:1      | 0 ||| qw: Do Orc after D:15 true
     0 | D:1      | 0 ||| qw: Do second Lair branch before Depths: true
     0 | D:1      | 0 ||| qw: Lair rune preference: random
     0 | D:1      | 0 ||| qw: Plans: Normal, Zot:1-4, Slime:5, God:TSO, Crypt,
                  | Tomb, Abyss, Pan, Hells, Win
     0 | D:1      | 0 ||| PLANNING D:1-11
    17 | D:1      | 17 ||| Stepping ~*~*~tactically~*~*~ (stealth).
    27 | D:1      | Reached skill level 2 in Axes
   190 | D:1      | Reached XP level 2. HP: 19/19 MP: 2/2
   207 | D:1      | Found Dahotibo's Jewellery Shoppe.
   210 | D:1      | 210 ||| Stepping ~*~*~tactically~*~*~ (stealth).
   237 | D:1      | 237 ||| SHOPLISTING +5 ring of evasion (504 gold, have 48).
   237 | D:1      | 237 ||| SHOPLISTING amulet of faith (560 gold, have 48).
   237 | D:1      | 237 ||| SHOPLISTING amulet of reflection (420 gold, have
                  | 48).
   237 | D:1      | 237 ||| SHOPLISTING amulet of the acrobat (420 gold, have
                  | 48).
   237 | D:1      | 237 ||| SHOPLISTING ring of protection from cold (350 gold,
                  | have 48).
   237 | D:1      | 237 ||| SHOPLISTING ring of protection from fire (350 gold,
                  | have 48).
   237 | D:1      | 237 ||| SHOPLISTING ring of see invisible (210 gold, have
                  | 48).
   237 | D:1      | 237 ||| SHOPLISTING ring of willpower (350 gold, have 48).
   245 | D:1      | 245 ||| Stepping ~*~*~tactically~*~*~ (hiding).
   247 | D:1      | 247 ||| Stepping ~*~*~tactically~*~*~ (hiding).
   249 | D:1      | 249 ||| Stepping ~*~*~tactically~*~*~ (hiding).
   257 | D:1      | Reached skill level 3 in Axes
   257 | D:1      | Reached XP level 3. HP: 21/23 MP: 3/3
   282 | D:1      | 282 ||| Stepping ~*~*~tactically~*~*~ (stealth).
   283 | D:1      | 283 ||| Stepping ~*~*~tactically~*~*~ (stealth).
   284 | D:1      | 284 ||| Stepping ~*~*~tactically~*~*~ (stealth).
   495 | D:1      | 495 ||| UPGRADING to +0 pair of boots.
   500 | D:1      | 500 ||| READING scroll labelled DEDGHO FISCH.
   501 | D:1      | 501 ||| READING 2 scrolls labelled ZOLEMMOHEU.
   517 | D:1      | 517 ||| READING scroll labelled KOZUCZ ATHREUH XUKY.
   521 | D:1      | 521 ||| READING scroll labelled FOMEAV HUYWUTU.
   522 | D:1      | 522 ||| DRINKING 2 golden potions.
   523 | D:1      | 523 ||| DRINKING 2 metallic black potions.
   524 | D:1      | 524 ||| DRINKING 2 fuming blue potions.
   525 | D:1      | 525 ||| DRINKING 2 pink potions.
   526 | D:1      | 526 ||| DROPPING potion of flight.
   527 | D:1      | 527 ||| DROPPING scroll of torment.
   575 | D:2      | 575 ||| DROPPING +0 club.
   717 | D:2      | 717 ||| Stepping ~*~*~tactically~*~*~ (stealth).
   932 | D:2      | Reached XP level 4. HP: 26/28 MP: 4/4
   996 | D:2      | Found a faded altar of an unknown god.
  1087 | D:2      | 1087 ||| DROPPING scarf of shadows.
  1088 | D:2      | 1088 ||| READING scroll labelled KIGRUYTHRESK.
  1089 | D:2      | 1089 ||| DRINKING 2 fizzy blue potions.
  1090 | D:2      | 1090 ||| DRINKING 2 ruby potions.
  1195 | D:2      | 1195 ||| DROPPING potion of berserk rage.
  1272 | D:3      | Reached skill level 4 in Axes
  1284 | D:3      | 1284 ||| Stepping ~*~*~tactically~*~*~ (stealth).
  1286 | D:3      | 1286 ||| Stepping ~*~*~tactically~*~*~ (stealth).
  1325 | D:3      | 1325 ||| DROPPING +0 whip.
  1333 | D:3      | 1333 ||| Stepping ~*~*~tactically~*~*~ (stealth).
  1355 | D:3      | 1355 ||| Stepping ~*~*~tactically~*~*~ (stealth).
  1391 | D:3      | Noticed Pargi
  1403 | D:3      | Killed Pargi
  1404 | D:3      | Reached skill level 5 in Axes
  1404 | D:3      | Reached XP level 5. HP: 17/32 MP: 5/5
  1732 | D:3      | 1732 ||| UPGRADING to +0 ring mail of cold resistance.
  1742 | D:3      | 1742 ||| DROPPING +0 scale mail.
  1743 | D:3      | 1743 ||| UPGRADING to +0 chain mail.
  1753 | D:3      | 1753 ||| READING scroll labelled WEFRIPU NOET.
  1754 | D:3      | 1754 ||| READING 2 scrolls of identify.
  1754 | D:3      | 1754 ||| IDENTIFYING green potion
  1821 | D:4      | Reached XP level 6. HP: 33/38 MP: 6/6
  1961 | D:4      | Noticed Edmund
  1976 | D:4      | HP: 7/38 [Edmund/+4 flail of protection (4)]
  1977 | D:4      | 1977 ||| READING 3 scrolls of teleportation.
  1978 | D:4      | 1978 ||| DRINKING 2 potions of heal wounds.
  2065 | D:4      | 2065 ||| DROPPING +0 flail.
  2068 | D:4      | Noticed Blork the orc
  2080 | D:4      | Killed Blork the orc
  2087 | D:4      | HP: 6/38 [Edmund/+4 flail of protection (8)]
  2088 | D:4      | 2088 ||| READING 2 scrolls of teleportation.
  2089 | D:4      | 2089 ||| DRINKING potion of heal wounds.
  2091 | D:4      | Killed Edmund
  2092 | D:4      | Reached skill level 6 in Axes
  2092 | D:4      | Reached XP level 7. HP: 29/43 MP: 7/7
  2170 | D:4      | 2170 ||| DROPPING +1 flail of protection.
  2193 | D:4      | Noticed Eustachio
  2218 | D:4      | HP: 5/43 [Eustachio/+0 rapier (6)]
  2219 | D:4      | 2219 ||| READING 2 scrolls of teleportation.
  2223 | D:4      | Noticed Natasha
  2223 | D:4      | Killed from afar by Natasha

Levels and vault maps discovered:
D:1:      sevenhm_arrival_forest_fort_small_3, layout_basic, serial_shops,
          nicolae_shop_tiny_glass, minmay_misc_feat_pillars
D:2:      layout_rooms, shapermc_ecumenical_altar_mp_urbaneastern
D:3:      layout_basic, uniq_pargi
D:4:      layout_basic, serial_shops, nicolae_shop_tiny_waterfront, uniq_edmund,
          uniq_eustachio, uniq_blork_the_orc, uniq_natasha

Skill      XL: |  1  2  3  4  5  6 |
---------------+-------------------+-----
Axes           | 2 3 5 6 |  6.4
Fighting       | 4 |  4.0
Armour         | |  3.2
Shields        | |  3.2

Action                     |  1- 3 |  4- 6 |  7- 9 || total
---------------------------+-------+-------+-------++-------
  Melee: War axe           |   129 |   128 |    24 ||   281
  Throw: Boomerang         |       |    19 |     5 ||    24
    Use: Potion            |     4 |     4 |       ||     8
         Scroll            |     4 |     5 |     1 ||    10
 Armour: Scale mail        |    73 |    36 |       ||   109
         Chain mail        |       |    30 |    33 ||    63
  Dodge: Dodged            |    55 |    47 |    21 ||   123
  Block: Buckler           |    25 |    20 |    15 ||    60

Table legend:
 A = Non-vault XP
 B = Vault XP
 C = Vault XP percentage of total XP
 D = Non-vault monster count
 E = Vault monster count
 F = Vault count percentage of total count
                 A         B        C        D         E       F
            +---------+---------+-------+---------+---------+-------
      Total |     282 |     380 |  57.4 |      61 |       3 |   4.7
            +---------+---------+-------+---------+---------+-------
        D:1 |      42 |       0 |   0.0 |      17 |       0 |   0.0
        D:2 |      54 |       0 |   0.0 |      18 |       0 |   0.0
        D:3 |      93 |     128 |  57.9 |      17 |       1 |   5.6
        D:4 |      93 |     252 |  73.0 |       9 |       2 |  18.2
            +---------+---------+-------+---------+---------+-------
